 Dungeon Crawl Stone Soup version 0.16.2-12-gd0ad4c3 (webtiles) character file.

503821 Charly the Executioner (level 21, -4/203 (207) HPs)
             Began as a Deep Dwarf Gladiator on Oct 30, 2016.
             Was the Champion of Makhleb.
             Slain by a sun demon (8 damage)
             ... led by a balrug
             ... in Pandemonium on Oct 31, 2016.
             The game lasted 05:24:55 (12072 turns).

Charly the Executioner (Deep Dwarf Gladiator)      Turns: 12072, Time: 05:24:55

HP:   -4/203 (207)  AC: 34    Str: 22      XL:     21   Next: 71%
MP:   13/18         EV: 16    Int: 11 (15) God:    Makhleb [******]
Gold: 670           SH:  0    Dex: 18      Spells: 5 memorised, 18 levels left

rFire  + . .     SeeInvis .     a - +8 executioner's axe (venom)
rCold  x . .     Clarity  .     q - +8 plate armour "Seurphot" {Dex+4}
rNeg   + + .     SustAb   .     (no shield)
rPois  +         Gourm    .     (helmet restricted)
rElec  .         Spirit   .     s - +2 cloak {rPois}
rCorr  .         Warding  .     P - -1 pair of gloves of Wrong Decisions {rC+ rN+ MR+ Int+4}
rMut   .         Stasis   .     g - +2 pair of boots
MR     ++++.                    O - amulet of rage
Stlth  ..........               f - ring of fire
                                v - +3 ring of slaying

@: liquid flames, non-regenerating, glowing, incredibly resistant to hostile
enchantments, extremely unstealthy
A: damage resistance, recharge devices, antennae 1, icy blue scales 1, rugged
brown scales 1, blurry vision 1, deterioration 1, dopey 1, low mp 1, negative
energy resistance 1, sense surroundings 3, poison resistance, slow healing 3,
weak 1, cold vulnerability 1, placid magic 1, MP-powered wands 1
a: Device Recharging, Minor Destruction, Lesser Servant of Makhleb, Major
Destruction, Greater Servant of Makhleb, Renounce Religion, Evoke Berserk Rage
}: 8/15 runes: decaying, serpentine, slimy, silver, demonic, glowing, magical,
dark


You were in Pandemonium.
You worshipped Makhleb.
Makhleb was exalted by your worship.
You were not hungry.

You visited 9 branches of the dungeon, and saw 52 of its levels.
You visited Pandemonium 2 times, and saw 10 of its levels.
You visited 1 ziggurat, and saw 9 of its levels.
You also visited: Bailey, Ice Cave and Volcano.

You collected 2309 gold pieces.
You spent 1639 gold pieces at shops.

Inventory:

Hand weapons
 a - a +8 executioner's axe of venom (weapon)
Armour
 d - a +1 cloak of magic resistance
 g - a +2 pair of boots (worn)
 q - the +8 plate armour "Seurphot" (worn) {Dex+4}
   (You found it on level 4 of a ziggurat)

   It affects your dexterity (+4).
 s - a +2 cloak of poison resistance (worn)
 P - the -1 pair of gloves of Wrong Decisions (worn) {rC+ rN+ MR+ Int+4}
   (You acquired it on level 3 of the Vaults)

   It affects your intelligence (+4).
   It protects you from cold.
   It protects you from negative energy.
   It affects your resistance to hostile enchantments.
 Z - a +2 helmet of intelligence
Jewellery
 c - the ring "Festryagh" {Ice rElec rN+}
   (You found it on level 9 of a ziggurat)

   [ring of ice]

   It enhances your ice magic, and weakens your fire magic.
   It makes you vulnerable to fire.
   It protects you from cold.
   It insulates you from electricity.
   It protects you from negative energy.
 f - a ring of fire (right hand)
 i - an uncursed ring of see invisible
 m - an uncursed ring of protection from magic
 p - the ring "Vereimn" {rPois AC+2 Stlth+}
   (You found it on level 8 of a ziggurat)

   [ring of protection]

   It affects your AC (+2).
   It protects you from poison.
   It makes you more stealthy.
 t - an uncursed ring of teleportation
 v - a +3 ring of slaying (left hand)
 G - a +6 ring of dexterity
 M - the amulet "Buckytzatu" {Faith rPois MR+}
   (You took it off a yaktaur on level 1 of the Depths)

   [amulet of faith]

   It allows you to gain divine favour quickly.
   It protects you from poison.
   It affects your resistance to hostile enchantments.
 N - an uncursed ring of sustain abilities
 O - an amulet of rage (around neck)
Magical devices
 e - a wand of heal wounds (7)
 o - a wand of teleportation (1)
 y - a wand of digging (3)
 C - a wand of disintegration (6)
 F - a wand of disintegration (11)
 H - a wand of heal wounds (0)
 S - a wand of hasting (2)
Scrolls
 h - 3 scrolls of identify
 k - 4 scrolls of fog
 l - a scroll of immolation
 n - 5 scrolls of remove curse
 w - a scroll of recharging
 x - 2 scrolls of fear
 z - a scroll of blinking
 Q - 2 scrolls of magic mapping
 R - a scroll of teleportation
 Y - 4 scrolls of enchant armour
Potions
 b - a potion of might
 u - 7 potions of curing
 A - a potion of invisibility
 B - a potion of resistance
 E - a potion of agility
 J - a potion of magic
 K - 2 potions of restore abilities
 V - a potion of flight
Books
 j - a book of the Earth

   Spells                             Type                      Level
   a - Leda's Liquefaction            Hexes/Earth                  4
   b - Bolt of Magma                  Conjuration/Fire/Earth       5
   c - Statue Form                    Transmutation/Earth          6
   d - Iron Shot                      Conjuration/Earth            6
   e - Shatter                        Earth                        9
 r - a book of Enchantments

   Spells                             Type                      Level
   a - Tukima's Dance                 Hexes                        3
   b - Cause Fear                     Hexes                        4
   c - Silence                        Hexes/Air                    5
   d - Deflect Missiles               Charms/Air                   6
   e - Haste                          Charms                       6
   f - Discord                        Hexes                        8
Miscellaneous
 D - a phial of floods (inert)
 L - a lamp of fire
 U - a fan of gales
 W - a stone of tremors
Comestibles
 I - 11 bread rations
 X - 11 meat rations


   Skills:
 - Level 15.3 Fighting
 - Level 26.0 Axes
 - Level 1.7 Throwing
 - Level 14.0 Armour
 - Level 14.5 Dodging
 - Level 3.0 Stealth
   Level 6.7 Shields
 + Level 5.7 Spellcasting
 - Level 8.5 Translocations
 * Level 5.2 Transmutations
 * Level 7.3 Earth Magic
 - Level 3.4 Invocations
 - Level 13.5 Evocations


You had 18 spell levels left.
You knew the following spells:

 Your Spells              Type           Power        Failure   Level  Hunger
a - Apportation           Tloc           ##........   3%          1    None
b - Flight                Chrm/Air       #.........   100%        3    ###....
c - Summon Butterflies    Summ           #.......     99%         1    None
d - Lee's Rapid Deconstr  Erth           ##........   99%         5    ######.
p - Passwall              Trmt/Erth      ##........   34%         3    ###....


Dungeon Overview and Level Annotations

Branches:
Dungeon (15/15)            Temple (1/1) D:4            Lair (8/8) D:9
  Swamp (5/5) Lair:5        Snake (5/5) Lair:4        Slime (6/6) Lair:8
    Orc (4/4) D:9             Elf (0/3) Orc:3        Vaults (5/5) D:14
 Depths (3/5) D:15
  Crypt: Vaults:2-3

Altars:
Ashenzari
Cheibriados
Dithmenos
Fedhas
Gozag
Kikubaaqudgha
Makhleb
Nemelex Xobeh
Sif Muna
Trog
Vehumet
The Shining One
Jiyva

Shops:
D:9 *   Orc:1 ?

Portals:
Pandemonium: Depths:3

Annotations:
D:12 Charly's ghost, experienced DDGl
Swamp:5 Charly's ghost, powerful MiBe
Vaults:1 Nikola
Vaults:3 Mara
Vaults:5 Frederick
Pan 1 runed door


Innate Abilities, Weirdness & Mutations

You are resistant to damage.
You can recharge devices by infusing magical energy.
You resist negative energy.
You passively map a large area around you.
You do not heal naturally.
You have a pair of small antennae on your head.
You are partially covered in icy blue scales (AC +1).
You are partially covered in rugged brown scales (AC +1, +3% HP).
Scrolls take you a little longer to read.
Your body is slowly deteriorating.
You are dopey. (Int -2)
Your magical capacity is low (-10% MP).
Your system is resistant to poisons.
You are weak. (Str -2)
Your spells are a little easier to cast, but a little less powerful.
You expend magic power (3 MP) to slightly strengthen your wands.
[You are vulnerable to cold.]


Message History

The sun demon hits you!
* * * LOW HITPOINT WARNING * * *
You are engulfed in flames.
You resist.
* * * LOW HITPOINT WARNING * * *
Unknown command.
Evoke which item? (* to show all) (? for menu, Esc to quit)
Zapping:
e - a wand of heal wounds (8)
Press: ? - help, Shift-Dir - straight line, f - you You feel much better.
This wand has 7 charges left.
You are covered in liquid flames!
The sun demon hits you!
* * * LOW HITPOINT WARNING * * *
You are engulfed in flames!
You resist.
* * * LOW HITPOINT WARNING * * *
The red devil hits you from afar with a trident!
* * * LOW HITPOINT WARNING * * *
The balrug hits you but does no damage. The sun demon hits you!
* * * LOW HITPOINT WARNING * * *
You are engulfed in flames!
You resist.
You die...

* ,, ,... , , ,,
#......., , ,
###........ * ,
..........., , ,, * ,
........... * , ,,
........... , , *
#..44....... ,
,+332........ *
#.@.........,, ** ,
#........##** *
######+#........# ,
.............####,,,,,
*** #............# ,
,, , , #............#
, , #.......###### , *
#.......# ,, ,,,
#.......# ,, , ,*,,


You could see a balrug, 2 sun demons and 2 red devils.

Vanquished Creatures
  the royal jelly (Slime:6)
  Gloorx Vloq (Pan)
  2 ancient liches (Zig:7)
  the Lernaean hydra (Swamp:5)
  2 Killer Klowns
  A golden dragon (Vaults:5)
  2 Brimstone Fiends (Pan)
  A tentacled monstrosity (Pan)
  3 liches
  3 quicksilver dragons
  5 titans
  A deep elf master archer (Zig:8)
  A sphinx (Vaults:5)
  18 acid blobs
  2 shadow dragons (Vaults:5)
  9 Executioners (Pan)
  A thorn hunter (Swamp:4)
  3 storm dragons (Vaults:5)
  4 tengu reavers
  13 greater nagas (Snake:5)
  12 azure jellies
  5 frost giants
  Wiglaf (Vaults:4)
  12 vault wardens
  6 fire giants
  An iron dragon (Depths:1)
  2 revenants (Zig:7)
  A curse skull (Pan)
  3 cacodemons (Pan)
  The ghost of Charly the Severer, a powerful DDGl of Makhleb (Swamp:5)
  An angel (Zig:2)
  A very ugly thing (Vaults:4)
  5 ironheart preservers
  6 war gargoyles
  2 draconian annihilators (Pan)
  8 stone giants
  A corrupter (Pan)
  4 deep elf demonologists
  7 deep elf annihilators
  3 dire elephants (Depths:1)
  A vampire knight (Zig:7)
  A deep elf death mage (Vaults:5)
  4 ettins
  26 vault guards (Vaults:5)
  Snorg (Lair:7)
  3 blizzard demons (Pan)
  A minotaur (Depths:1)
  3 fire dragons
  6 death oozes (Slime:6)
  A green death (Pan)
  A minotaur (shapeshifter) (Vaults:5)
  A fire dragon (shapeshifter) (Depths:3)
  3 great orbs of eyes
  6 yaktaur captains
  4 rakshasas
  2 ghost crabs
  A catoblepas (D:14)
  6 ogre magi
  An ice dragon (Vaults:1)
  The ghost of pedritolo the Unseen, a powerful SpEn of Dithmenos (Swamp:5)
  13 naga warriors
  15 hydras
  4 anacondas
  A ghost crab (shapeshifter) (D:15)
  2 spriggan air magi
  A dancing weapon (Vaults:5)
  3 alligators
  4 centaur warriors
  An orc high priest (Zig:8)
  2 deep troll shamans
  6 death yaks (Lair:8)
  A vampire mage (Zig:7)
  17 naga sharpshooters
  8 spriggans
  8 soul eaters (Pan)
  A fire crab (Vaults:3)
  An ice devil (Pan)
  6 shadow wraiths
  5 skeletal warriors (D:15)
  5 deep elf knights
  An unseen horror (shapeshifter) (Depths:1)
  2 hill giants
  A spriggan druid (Zig:9)
  A sea snake (Vaults:2)
  2 cherubim (Zig:2)
  14 swamp dragons
  An unseen horror (Pan)
  A deep troll (Vaults:5)
  2 necromancers
  A shambling mangrove (Zig:9)
  2 wizards (Pan)
  2 giant orange brains (Pan)
  A lindwurm (Volcano)
  8 ironbrand convokers
  2 lindwurms (shapeshifter)
  7 naga ritualists
  An anubis guard (shapeshifter) (Vaults:5)
  4 mana vipers
  A torturous demonspawn (Pan)
  5 orc knights
  4 harpies
  6 shining eyes
  A wolf spider (shapeshifter) (Vaults:5)
  3 deep elf conjurers
  2 wolf spiders
  2 griffons
  2 phantasmal warriors
  3 manticores
  19 ugly things
  11 sixfirhies
  2 salamanders
  2 hornets
  10 black mambas
  A toenail golem (Volcano)
  4 guardian serpents (Snake:5)
  19 smoke demons (Pan)
  2 eyes of devastation
  2 gargoyles
  8 spiny frogs
  2 apocalypse crabs
  A black mamba (shapeshifter) (Vaults:2)
  2 torpor snails (Lair:4)
  8 vault sentinels
  2 hellions (Pan)
  2 molten gargoyles (Volcano)
  12 naga magi
  6 orange demons (Pan)
  3 komodo dragons
  17 yaktaurs
  2 kobold demonologists
  3 fire drakes
  A demonic crawler (Pan)
  A deep elf priest (Vaults:5)
  2 freezing wraiths
  5 hellwings (Pan)
  A spriggan skeleton (Zig:4)
  2 blue devils (Pan)
  2 red devils
  6 two-headed ogres
  6 giant leeches
  10 blink frogs
  A wind drake (shapeshifter) (Vaults:5)
  A boulder beetle (Depths:3)
  7 ravens
  A basilisk (shapeshifter) (Vaults:5)
  5 bog bodies
  64 slime creatures
  A basilisk (Lair:7)
  2 redbacks
  2 shadows
  A tarantella (shapeshifter) (D:14)
  8 deep elf magi
  12 large abominations
  22 vampire mosquitoes
  4 ynoxinuls
  A wraith (Zig:4)
  9 wolves
  3 hippogriffs
  A golden eye (shapeshifter) (Vaults:2)
  2 wyverns
  43 yaks
  10 deep elf fighters
  6 neqoxecs (Pan)
  A mottled dragon (Vaults:1)
  8 swamp worms
  3 chaos spawn
  A hungry ghost (Zig:7)
  19 water moccasins
  12 swamp drakes
  4 porcupines
  10 orc warriors
  5 boggarts
  An ice beast (D:5)
  49 nagas
  A sky beast (D:4)
  A phantom (Pan)
  9 wasps
  2 boring beetles
  3 eyes of draining
  29 ogres
  4 crocodiles
  5 centaurs
  4 brain worms (Pan)
  4 big kobolds
  6 giant frogs
  A scorpion (Lair:1)
  9 wights
  A tengu zombie (Zig:4)
  2 lava snakes (Lair:4)
  2 crimson imps
  12 jellies
  A hound (D:9)
  7 orc priests
  2 centaur skeletons
  4 iguanas
  14 orc wizards
  5 worker ants
  3 gnolls (D:9)
  25 river rats
  7 adders
  A shadow imp (Pan)
  4 giant mites
  3 worms
  A giant eyeball (Pan)
  8 ufetubi
  2 giant geckos
  61 orcs
  2 giant cockroaches (D:3)
  13 goblins
  9 hobgoblins
  8 kobolds
  5 quokkas
  5 bats
  2 giant newts
  A quokka skeleton (D:4)
  4 rats
  5 briar patches (Swamp:4)
  5 fungi
  2 plants
1214 creatures vanquished.

Vanquished Creatures (collateral kills)
  A neqoxec (Pan)
1 creature vanquished.

Vanquished Creatures (others)
  An eldritch tentacle (Pan)
  A tengu reaver (Vaults:5)
  A blood saint (Pan)
  A deep elf high priest (Zig:8)
  A dancing weapon (Pan)
  A tengu warrior (D:15)
  An ogre mage (D:14)
  4 ball lightnings (Pan)
  A harpy (Vaults:2)
  A red devil (Pan)
  6 fire elementals
  A yaktaur (D:15)
  2 ravens (D:15)
  A fire vortex (Volcano)
  A wraith (Pan)
  A wyvern (D:15)
  A neqoxec (Lair:4)
  An earth elemental (Pan)
  A boggart (Depths:1)
  A lost soul (Vaults:5)
  153 eldritch tentacle segments (Pan)
  2 fungi
  2 plants
186 creatures vanquished.

Grand Total: 1401 creatures vanquished

Notes
Turn   | Place    | Note
--------------------------------------------------------------
     0 | D:1      | Charly, the Deep Dwarf Gladiator, began the quest for the Orb.
     0 | D:1      | Reached XP level 1. HP: 19/19 MP: 1/1
   120 | D:2      | Reached skill level 4 in Axes
   120 | D:2      | Reached XP level 2. HP: 26/26 MP: 2/2
   157 | D:3      | Reached XP level 3. HP: 32/32 MP: 3/3
   193 | D:3      | Reached skill level 5 in Axes
   203 | D:3      | Found a deep blue altar of Sif Muna.
   252 | D:4      | Noticed an ogre
   259 | D:4      | Reached XP level 4. HP: 24/39 MP: 0/4
   298 | D:4      | Noticed a sky beast
   304 | D:4      | Reached skill level 6 in Axes
   304 | D:4      | Reached XP level 5. HP: 27/45 MP: 5/5
   331 | D:4      | Found a blossoming altar of Fedhas.
   358 | D:4      | Found a staircase to the Ecumenical Temple.
   369 | Temple   | Entered the Ecumenical Temple
   502 | D:4      | Killed a sky beast
   502 | D:4      | Reached skill level 7 in Axes
   502 | D:4      | Reached XP level 6. HP: 19/56 MP: 6/6
   506 | D:4      | Gained mutation: Your mind is acute. (Int +2) [mutagenic meat]
   507 | D:4      | Gained mutation: You are partially covered in icy blue scales (AC +1). [mutagenic meat]
   542 | D:4      | Found a radiant altar of Vehumet.
   543 | D:4      | Found a burning altar of Makhleb.
   564 | D:4      | Became a worshipper of Makhleb the Destroyer
   643 | D:5      | Entered Level 5 of the Dungeon
   652 | D:5      | Reached XP level 7. HP: 28/62 MP: 6/6
   787 | D:9      | Found Graan's Assorted Antiques.
   803 | D:9      | Noticed a deep elf mage
   817 | D:9      | Killed a deep elf mage
   817 | D:9      | Reached skill level 8 in Axes
   848 | D:9      | Acquired Makhleb's first power
   870 | D:9      | Found a flagged portal.
   893 | Bailey   | Entered a bailey
   919 | Bailey   | Reached skill level 9 in Axes
   987 | D:9      | Reached XP level 8. HP: 28/73 MP: 6/6
   992 | D:9      | Acquired Makhleb's second power
   999 | D:9      | Found a staircase to the Lair.
   999 | D:9      | Noticed a fire drake
  1002 | D:9      | Killed a fire drake
  1002 | D:9      | Reached skill level 5 in Fighting
  1002 | D:9      | Reached skill level 10 in Axes
  1025 | D:9      | Found a staircase to the Orcish Mines.
  1028 | Orc:1    | Entered Level 1 of the Orcish Mines
  1182 | Orc:1    | Found Shup's Magic Scroll Shoppe.
  1276 | Orc:2    | Acquired Makhleb's third power
  1277 | Orc:2    | Noticed a cyclops
  1343 | Orc:2    | Reached skill level 11 in Axes
  1394 | Orc:2    | Found a dark tunnel.
  1394 | Orc:2    | Noticed a fire drake
  1404 | Orc:2    | Killed a fire drake
  1404 | Orc:2    | Gained mutation: You passively map the area around you. [level up]
  1404 | Orc:2    | Reached XP level 9. HP: 55/82 MP: 4/4
  1410 | Volcano  | Entered a volcano
  1414 | Volcano  | Noticed a toenail golem
  1414 | Volcano  | Noticed a molten gargoyle
  1428 | Volcano  | Killed a molten gargoyle
  1433 | Volcano  | Killed a toenail golem
  1433 | Volcano  | Reached skill level 12 in Axes
  1441 | Volcano  | Noticed a lindwurm
  1483 | Volcano  | Killed a lindwurm
  1500 | Volcano  | Noticed a molten gargoyle
  1500 | Volcano  | Noticed a gargoyle
  1509 | Volcano  | Killed a molten gargoyle
  1519 | Volcano  | Killed a gargoyle
  1519 | Volcano  | Reached skill level 13 in Axes
  1588 | Orc:3    | Reached XP level 10. HP: 66/94 MP: 4/4
  1599 | Orc:3    | Found a staircase to the Elven Halls.
  1609 | Orc:4    | Entered Level 4 of the Orcish Mines
  1731 | Orc:1    | HP: 3/94 [orc warrior/long sword of holy wrath (18)]
  1738 | Orc:1    | Reached skill level 1 in Armour
  1770 | Orc:1    | Bought a scroll of acquirement for 624 gold pieces
  1770 | Orc:1    | Bought a scroll of teleportation for 36 gold pieces
  1839 | Lair:1   | Entered Level 1 of the Lair of Beasts
  1921 | Lair:2   | Acquired Makhleb's fourth power
  1921 | Lair:2   | Reached skill level 1 in Invocations
  2017 | Lair:4   | Found a staircase to the Snake Pit.
  2078 | Lair:4   | Reached skill level 14 in Axes
  2094 | Lair:4   | Found a snail-covered altar of Cheibriados.
  2166 | Lair:5   | Reached XP level 11. HP: 77/104 MP: 7/7
  2186 | Lair:5   | SWAMP L5
  2327 | Lair:5   | Acquired Makhleb's fifth power
  2389 | Lair:7   | Reached skill level 15 in Axes
  2461 | Lair:8   | Entered Level 8 of the Lair of Beasts
  2502 | Lair:7   | Noticed Snorg
  2520 | Lair:7   | Killed Snorg
  2520 | Lair:7   | Reached skill level 16 in Axes
  2520 | Lair:7   | Reached skill level 5 in Evocations
  2759 | Lair:2   | Noticed a black mamba
  2763 | Lair:2   | Reached XP level 12. HP: 104/114 MP: 7/10
  2766 | Lair:2   | Reached skill level 5 in Armour
  2767 | Lair:2   | Killed a black mamba
  2806 | Lair:1   | 18/10
  2894 | D:10     | Entered Level 10 of the Dungeon
  2906 | D:10     | 19/11
  2907 | D:10     | 20/11
  2936 | D:10     | Reached skill level 5 in Dodging
  2940 | D:10     | 20/12
  2996 | D:12     | Noticed Charly's ghost (experienced DDGl)
  3059 | D:12     | Found a frozen archway.
  3068 | IceCv    | Entered an ice cave
  3079 | D:12     | 22/12
  3167 | D:13     | Reached skill level 17 in Axes
  3367 | D:14     | Noticed a centaur warrior
  3380 | D:14     | 22/13
  3384 | D:14     | Killed a centaur warrior
  3403 | D:14     | Found a gate to the Vaults.
  3454 | D:14     | Found a bloodstained altar of Trog.
  3490 | D:15     | Entered Level 15 of the Dungeon
  3490 | D:15     | Noticed a catoblepas
  3504 | D:14     | Killed a catoblepas
  3554 | D:15     | Noticed a seven-headed hydra
  3557 | D:14     | Paralysed by a hornet for 3 turns
  3587 | D:14     | Noticed a five-headed hydra
  3740 | D:9      | Bought a brightly glowing hand axe for 280 gold pieces
  3740 | D:9      | Bought an embroidered cloak for 157 gold pieces
  3818 | Lair:4   | 24/12
  3841 | Snake:1  | Entered Level 1 of the Snake Pit
  3865 | Snake:2  | Reached XP level 13. HP: 117/121 MP: 11/11
  3884 | Snake:2  | Reached skill level 18 in Axes
  3915 | Snake:2  | Noticed an anaconda
  3929 | Snake:2  | Killed an anaconda
  3987 | Snake:1  | Noticed a naga warrior
  4001 | Snake:2  | Noticed a naga warrior
  4004 | Snake:2  | Noticed a naga warrior
  4009 | Snake:2  | Gained mutation: Your body is slowly deteriorating. [a shining eye]
  4011 | Snake:2  | Gained mutation: Your spells are a little easier to cast, but a little less powerful. [a shining eye]
  4013 | Snake:2  | Gained mutation: You tend to lose your temper in combat. [a shining eye]
  4014 | Snake:2  | Reached skill level 1 in Stealth
  4016 | Snake:2  | Killed a naga warrior
  4023 | Snake:2  | Killed a naga warrior
  4057 | Snake:2  | Identified the cursed +1 hand axe "Throehop" {pain, Contam +Rage rPois} (You bought it in a shop on level 9 of the Dungeon)
  4197 | Snake:5  | Entered Level 5 of the Snake Pit
  4286 | Snake:5  | Reached skill level 19 in Axes
  4300 | Snake:5  | Noticed a greater naga
  4308 | Snake:5  | Noticed a greater naga
  4314 | Snake:5  | Killed a greater naga
  4324 | Snake:5  | Killed a greater naga
  4376 | Snake:5  | Reached skill level 10 in Fighting
  4387 | Snake:5  | Gained mutation: You resist negative energy. [level up]
  4387 | Snake:5  | Reached XP level 14. HP: 132/132 MP: 1/12
  4486 | Snake:5  | Noticed a greater naga
  4496 | Snake:5  | Noticed a greater naga
  4499 | Snake:5  | Killed a greater naga
  4512 | Snake:5  | Killed a greater naga
  4512 | Snake:5  | Reached skill level 20 in Axes
  4516 | Snake:5  | Noticed a greater naga
  4526 | Snake:5  | Killed a greater naga
  4532 | Snake:5  | Noticed a greater naga
  4546 | Snake:5  | Noticed a greater naga
  4564 | Snake:5  | Killed a greater naga
  4566 | Snake:5  | Killed a greater naga
  4572 | Snake:5  | Got a twisted broad axe
  4697 | Snake:5  | 24/14
  4699 | Snake:5  | Noticed a greater naga
  4717 | Snake:5  | Killed a greater naga
  4733 | Snake:5  | Noticed a greater naga
  4747 | Snake:5  | Killed a greater naga
  4780 | Snake:5  | Reached XP level 15. HP: 140/140 MP: 13/13
  4807 | Snake:5  | Noticed a greater naga
  4809 | Snake:5  | Noticed a greater naga
  4809 | Snake:5  | Noticed a greater naga
  4817 | Snake:5  | Killed a greater naga
  4819 | Snake:5  | Killed a greater naga
  4820 | Snake:5  | Killed a greater naga
  4824 | Snake:5  | Noticed a greater naga
  4836 | Snake:5  | Killed a greater naga
  4838 | Snake:5  | Got a serpentine rune of Zot
  4849 | Snake:5  | Learned a level 1 spell: Summon Butterflies
  4879 | Snake:5  | Identified the +9 broad axe "Onnih" {vamp, rF+} (You took it off a naga mage on level 5 of the Snake Pit)
  4939 | Snake:2  | 25/16
  5094 | D:9      | Reached skill level 10 in Armour
  5095 | D:9      | 25/16
  5229 | D:14     | 25/16
  5231 | Vaults:1 | Entered Level 1 of the Vaults
  5232 | Vaults:1 | +700
  5262 | Vaults:1 | Reached skill level 21 in Axes
  5322 | Vaults:1 | Noticed Nikola
  5423 | Vaults:2 | Reached skill level 10 in Dodging
  5699 | Vaults:2 | Reached skill level 1 in Shields
  5818 | Vaults:3 | Got a pair of brightly glowing gloves
  5829 | Vaults:3 | Identified the -1 pair of gloves of Wrong Decisions {rC+ rN+ MR+ Int+4} (You acquired it on level 3 of the Vaults)
  5839 | Vaults:3 | 22/12/9
  5856 | Vaults:3 | Noticed Mara
  5890 | Vaults:3 | Reached XP level 16. HP: 152/152 MP: 14/14
  5964 | Vaults:3 | 22/13/10
  6088 | Vaults:5 | Entered Level 5 of the Vaults
  6095 | Vaults:5 | Reached skill level 5 in Shields
  6095 | Vaults:5 | Reached skill level 22 in Axes
  6132 | Vaults:4 | 22/13/11
  6150 | Vaults:5 | Noticed a quicksilver dragon
  6156 | Vaults:5 | Noticed a titan
  6158 | Vaults:5 | Noticed Frederick
  6170 | Vaults:5 | Killed a quicksilver dragon
  6209 | Vaults:5 | Noticed a quicksilver dragon
  6238 | Vaults:5 | Killed a quicksilver dragon
  6322 | Vaults:5 | Reached XP level 17. HP: 78/164 MP: 14/14
  6345 | Vaults:5 | Noticed an ancient lich
  6363 | Vaults:5 | Noticed a golden dragon
  6383 | Vaults:5 | Killed a golden dragon
  6407 | Vaults:5 | Noticed a titan
  6407 | Vaults:5 | Noticed a lich
  6415 | Vaults:5 | Killed a lich
  6425 | Vaults:5 | Killed a titan
  6426 | Vaults:5 | Killed a titan
  6453 | Vaults:5 | Noticed a titan
  6469 | Vaults:5 | Killed a titan
  6612 | Vaults:5 | 23/14/11
  6738 | Vaults:5 | Reached skill level 23 in Axes
  6809 | Vaults:5 | Gained mutation: You passively map a large area around you. [level up]
  6809 | Vaults:5 | Reached XP level 18. HP: 169/175 MP: 14/14
  6831 | Vaults:5 | Got a silver rune of Zot
  6867 | Vaults:4 | Noticed Wiglaf
  6879 | Vaults:4 | Killed Wiglaf
  6994 | Vaults:3 | Noticed Charly's illusion
  7378 | D:9      | Bought a potion of might for 140 gold pieces
  7378 | D:9      | Bought a blackened bone wand for 140 gold pieces
  7378 | D:9      | Bought a scroll of enchant weapon for 262 gold pieces
  7379 | D:9      | 24/15/11
  7578 | Lair:8   | Noticed a death yak
  7579 | Lair:8   | Noticed a death yak
  7580 | Lair:8   | Noticed a death yak
  7580 | Lair:8   | Noticed a death yak
  7580 | Lair:8   | Noticed a death yak
  7580 | Lair:8   | Noticed a death yak
  7589 | Lair:8   | Killed a death yak
  7595 | Lair:8   | Killed a death yak
  7597 | Lair:8   | Killed a death yak
  7599 | Lair:8   | Killed a death yak
  7600 | Lair:8   | Killed a death yak
  7600 | Lair:8   | Killed a death yak
  7621 | Lair:8   | Found a runed door.
  7621 | Lair:8   | Found a viscous altar of Jiyva.
  7621 | Lair:8   | Found a staircase to the Slime Pits.
  7621 | Lair:8   | Noticed an azure jelly
  7621 | Lair:8   | Noticed an azure jelly
  7621 | Lair:8   | Noticed an azure jelly
  7627 | Lair:8   | Killed an azure jelly
  7633 | Lair:8   | Killed an azure jelly
  7642 | Lair:8   | Killed an azure jelly
  7650 | Slime:1  | Entered Level 1 of the Pits of Slime
  7773 | Slime:6  | Entered Level 6 of the Pits of Slime
  7789 | Slime:5  | Learned a level 3 spell: Passwall
  7795 | Slime:5  | Learned a level 5 spell: Lee's Rapid Deconstruction
  7836 | Slime:6  | Gained mutation: Your magical capacity is low (-10% MP). [a shining eye]
  7837 | Slime:6  | Gained mutation: Your magical capacity is very low (-20% MP). [a shining eye]
  7923 | Slime:6  | Noticed the royal jelly
  7938 | Slime:6  | 24/16/11
  7964 | Slime:6  | Found a viscous altar of Jiyva.
  7966 | Slime:6  | Gained mutation: You expend magic power (3 MP) to slightly strengthen your wands. [a shining eye]
  8011 | Slime:6  | Reached skill level 24 in Axes
  8039 | Slime:6  | Gained mutation: You expend magic power (6 MP) to strengthen your wands. [a shining eye]
  8108 | Slime:6  | Killed the royal jelly
  8108 | Slime:6  | Reached XP level 19. HP: 143/184 MP: 10/10
  8228 | Slime:6  | Got a clouded jade amulet
  8251 | Slime:6  | Identified the amulet "Yzutiug" {Inacc rPois rC++ MR+ Str-2 Int-3} (You found it on level 6 of the Pits of Slime)
  8274 | Slime:6  | Got a polished buckler
  8317 | Slime:6  | Identified the cursed -3 buckler of Truem {rF- Regen+ MP+9 Str+4} (You found it on level 6 of the Pits of Slime)
  8322 | Slime:6  | Learned a level 3 spell: Flight
  8368 | Slime:6  | Got a slimy rune of Zot
  8474 | Lair:5   | 24/18
  8478 | Lair:5   | Found a staircase to the Swamp.
  8488 | Swamp:1  | Entered Level 1 of the Swamp
  8567 | Swamp:2  | Found an ancient bone altar of Kikubaaqudgha.
  8803 | Swamp:4  | Got a smoking ring mail
  8814 | Swamp:4  | Identified the +4 ring mail "Arezxufuhyi" {+Fly rPois rC-} (You found it on level 4 of the Swamp)
  8852 | Swamp:4  | Reached skill level 15 in Fighting
  8965 | Swamp:5  | Entered Level 5 of the Swamp
  8978 | Swamp:5  | Noticed Charly's ghost (powerful DDGl)
  8982 | Swamp:5  | Noticed pedritolo's ghost (powerful SpEn)
  9004 | Swamp:5  | Killed pedritolo's ghost
  9021 | Swamp:5  | Killed Charly's ghost
  9069 | Swamp:5  | Noticed the 27-headed Lernaean hydra
  9090 | Swamp:5  | Killed the 26-headed Lernaean hydra
  9162 | Swamp:5  | Got a decaying rune of Zot
  9221 | Swamp:5  | Noticed Charly's ghost (powerful MiBe)
  9362 | Swamp:1  | Gained mutation: You have a pair of small antennae on your head. [potion of mutation]
  9363 | Swamp:1  | Gained mutation: Your system is resistant to poisons. [potion of mutation]
  9363 | Swamp:1  | Gained mutation: You are clumsy. (Dex -2) [potion of mutation]
  9630 | D:15     | Killed a ten-headed hydra
  9706 | D:15     | Noticed a four-headed hydra
  9732 | D:15     | Killed a 12-headed hydra
  9758 | D:15     | Found a staircase to the Depths.
  9758 | D:15     | Noticed a yaktaur captain
  9763 | D:15     | Noticed a centaur warrior
  9763 | D:15     | Killed a yaktaur captain
  9769 | D:15     | Killed a centaur warrior
  9790 | Depths:1 | Entered Level 1 of the Depths
  9862 | Depths:1 | Reached skill level 25 in Axes
  9927 | Depths:1 | Reached XP level 20. HP: 194/194 MP: 8/12
  9941 | Depths:1 | Reached skill level 10 in Evocations
  9948 | Depths:1 | Got a bound zirconium amulet
 10000 | Depths:1 | Identified the amulet "Buckytzatu" {Faith rPois MR+} (You took it off a yaktaur on level 1 of the Depths)
 10027 | Depths:2 | Found a gateway to a ziggurat.
 10048 | Zig:1    | Entered Level 1 of a ziggurat
 10057 | Zig:1    | Paralysed by you for 7 turns
 10072 | Zig:2    | Entered Level 2 of a ziggurat
 10097 | Zig:3    | Entered Level 3 of a ziggurat
 10125 | Zig:3    | Lost mutation: Your mind is acute. (Int +2) [potion of mutation]
 10125 | Zig:3    | Gained mutation: You have difficulty communicating with the divine. [potion of mutation]
 10133 | Zig:4    | Entered Level 4 of a ziggurat
 10154 | Zig:4    | Got a bronze plate armour
 10165 | Zig:4    | Identified the +8 plate armour "Seurphot" {Dex+4} (You found it on level 4 of a ziggurat)
 10176 | Zig:5    | Entered Level 5 of a ziggurat
 10205 | Zig:6    | Entered Level 6 of a ziggurat
 10210 | Zig:6    | Noticed a Killer Klown
 10245 | Zig:6    | Killed a Killer Klown
 10259 | Zig:6    | Learned a level 1 spell: Apportation
 10261 | Zig:7    | Entered Level 7 of a ziggurat
 10267 | Zig:7    | Noticed an ancient lich
 10267 | Zig:7    | Noticed an ancient lich
 10278 | Zig:7    | Reached skill level 1 in Translocations
 10284 | Zig:7    | Killed an ancient lich
 10284 | Zig:7    | Reached skill level 1 in Spellcasting
 10292 | Zig:7    | Killed an ancient lich
 10320 | Zig:7    | 33/18
 10326 | Zig:8    | Entered Level 8 of a ziggurat
 10342 | Zig:8    | Reached skill level 5 in Translocations
 10362 | Zig:8    | Identified the Collected Works on Feathery Execration (You found it on level 8 of a ziggurat)
 10371 | Zig:8    | Got a steaming marble ring
 10373 | Zig:8    | Identified the ring "Vereimn" {rPois AC+2 Stlth+} (You found it on level 8 of a ziggurat)
 10391 | Zig:9    | Entered Level 9 of a ziggurat
 10449 | Zig:9    | Lost mutation: You have difficulty communicating with the divine. [potion of cure mutation]
 10449 | Zig:9    | Lost mutation: You tend to lose your temper in combat. [potion of cure mutation]
 10449 | Zig:9    | Lost mutation: Your magical capacity is very low (-20% MP). [potion of cure mutation]
 10449 | Zig:9    | Lost mutation: You expend magic power (6 MP) to strengthen your wands. [potion of cure mutation]
 10450 | Zig:9    | Gained mutation: You are partially covered in rugged brown scales (AC +1, +3% HP). [potion of beneficial mutation]
 10458 | Zig:9    | Got a fine lapis lazuli ring
 10460 | Zig:9    | Identified the ring "Festryagh" {Ice rElec rN+} (You found it on level 9 of a ziggurat)
 10553 | Depths:3 | Found a one-way gate leading to the halls of Pandemonium.
 10571 | Pan      | Entered Pandemonium
 10576 | Pan      | Found an exit through the horrors of the Abyss.
 10612 | Pan      | Found an exit through the horrors of the Abyss.
 10710 | Pan      | Noticed pedritolo's ghost (mighty SpEn)
 10720 | Pan      | Noticed Tomerye the pandemonium lord
 10730 | Pan      | Noticed pedritolo's ghost (mighty SpEn)
 10743 | Pan      | Got a demonic rune of Zot
 10793 | Pan      | Entered the realm of Lom Lobon.
 10898 | Pan      | Reached XP level 21. HP: 207/207 MP: 15/17
 10971 | Pan      | Noticed pedritolo's ghost (mighty SpEn)
 10974 | Pan      | Noticed Lom Lobon
 10977 | Pan      | Got a magical rune of Zot
 11002 | Depths:3 | Escaped Pandemonium
 11004 | Pan      | Entered Pandemonium
 11004 | Pan      | Noticed Baivuorug the pandemonium lord
 11020 | Pan      | Entered the realm of Mnoleg.
 11024 | Pan      | Gained mutation: You are dopey. (Int -2) [a cacodemon]
 11026 | Pan      | Gained mutation: Scrolls take you a little longer to read. [a cacodemon]
 11028 | Pan      | Noticed a Killer Klown
 11072 | Pan      | Killed a Killer Klown
 11126 | Pan      | Paralysed by a giant eyeball for 3 turns
 11290 | Pan      | Lost mutation: You are clumsy. (Dex -2) [a neqoxec]
 11294 | Pan      | Gained mutation: You are weak. (Str -2) [a neqoxec]
 11297 | Pan      | Noticed Mnoleg
 11307 | Pan      | Got a glowing rune of Zot
 11339 | Pan      | Entered the realm of Gloorx Vloq.
 11369 | Pan      | Found an exit through the horrors of the Abyss.
 11398 | Pan      | Reached skill level 26 in Axes
 11410 | Pan      | Noticed pedritolo's ghost (mighty SpEn)
 11427 | Pan      | Reached skill level 1 in Earth Magic
 11427 | Pan      | Reached skill level 1 in Transmutations
 11528 | Pan      | Noticed Gloorx Vloq
 11557 | Pan      | Killed Gloorx Vloq
 11557 | Pan      | Reached skill level 5 in Spellcasting
 11557 | Pan      | Reached skill level 5 in Earth Magic
 11592 | Pan      | Got a dark rune of Zot
 11668 | Pan      | Noticed Foejuz the pandemonium lord
 11797 | Pan      | Noticed Ghuom the pandemonium lord
 11803 | Pan      | Noticed a Killer Klown
 11804 | Pan      | Noticed Mnoleg
 11804 | Pan      | Noticed a Killer Klown
 11805 | Pan      | Noticed a Killer Klown
 11807 | Pan      | Noticed pedritolo's ghost (mighty SpEn)
 11945 | Pan      | Reached skill level 5 in Transmutations
 11946 | Pan      | Found an exit through the horrors of the Abyss.
 11984 | Pan      | Found a runed door.
 12072 | Pan      | HP: 4/203 [sun demon[a balrug] (10)]
 12072 | Pan      | Slain by a sun demon

Action                   |  1- 3 |  4- 6 |  7- 9 | 10-12 | 13-15 | 16-18 | 19-21 || total
-------------------------+-------+-------+-------+-------+-------+-------+-------++-------
Melee: War axe           |    45 |   118 |   149 |       |       |       |       ||   312
       Battleaxe         |       |       |    55 |    33 |       |       |       ||    88
       Executioner's axe |       |       |       |   428 |   427 |       |  1046 ||  1901
       Broad axe         |       |       |       |       |   241 |   829 |    37 ||  1107
Throw: Throwing net      |     2 |     8 |     2 |     1 |       |       |       ||    13
 Cast: Apportation       |       |       |       |       |       |       |    26 ||    26
Invok: Lesser Servant of |       |       |       |     2 |       |       |       ||     2
 Abil: Evoke Teleportati |     1 |     1 |     4 |     9 |     6 |     7 |    36 ||    64
       Device Recharging |       |     1 |     8 |     2 |     1 |     3 |       ||    15
       Evoke Flight      |       |       |       |       |       |       |     2 ||     2
       Evoke Berserk Rag |       |       |       |       |       |       |     4 ||     4
Evoke: Wand              |       |     5 |    38 |    10 |    13 |    28 |    36 ||   130
       Lamp of fire      |       |       |       |       |     1 |     4 |       ||     5
       Stone of tremors  |       |       |       |       |       |       |     2 ||     2
       Phial of floods   |       |       |       |       |       |       |     2 ||     2
       Phantom mirror    |       |       |       |       |       |       |     1 ||     1
  Use: Scroll            |     2 |       |     2 |    20 |    12 |    10 |    35 ||    81
       Potion            |       |       |       |     1 |     4 |     9 |    20 ||    34
 Stab: Sleeping          |     1 |       |       |       |       |       |     1 ||     2
       Held in net/web   |       |     4 |     1 |       |       |       |       ||     5
       Invisible         |       |       |       |       |       |     8 |       ||     8
       Confused          |       |       |       |       |       |       |     2 ||     2
       Paralysed         |       |       |       |       |       |       |     1 ||     1
  Eat: Chunk             |       |     2 |     1 |     9 |    20 |    14 |    20 ||    66
       Bread ration      |       |       |     1 |       |       |       |     2 ||     3
       Meat ration       |       |       |       |     1 |       |     1 |     3 ||     5
       Pizza             |       |       |       |       |     1 |       |       ||     1
       Beef jerky        |       |       |       |       |     1 |       |       ||     1
       Fruit             |       |       |       |       |       |     1 |     6 ||     7
